 Dungeon Crawl Stone Soup version 0.30.0-19-g36f170ea60 (webtiles) character file.

Game seed: 16895373600209817741

3255 Graphine the Spear-Bearer (level 10, -3/83 HPs)
             Began as a Merfolk Fighter on May 29, 2023.
             Was an Initiate of the Shining One.
             Slain by a two-headed ogre
             ... wielding a +0 giant club
              (30 damage)
             ... on level 7 of the Dungeon.
             The game lasted 00:21:37 (7544 turns).

Graphine the Spear-Bearer (Merfolk Fighter)         Turns: 7544, Time: 00:21:37

Health: -3/83      AC:  7    Str: 20    XL:     10   Next: 0%
Magic:  10/10      EV: 15    Int:  9    God:    the Shining One [......]
Gold:   388        SH:  5    Dex: 13    Spells: 9/9 levels left

rFire   . . .        n - +7 quarterstaff of the Ship {heavy, rElec}
rCold   + . .        (shield currently unavailable)
rNeg    . . .        e - +0 ring mail
rPois   .            (no helmet)
rElec   +            r - +1 cloak
rCorr   .            (no gloves)
SInv    .            (no boots)
Will    +....        D - amulet of reflection
Stlth   +            i - ring of willpower
HPRegen 0.33/turn    p - ring of protection from cold
MPRegen 0.12/turn

%: reflection
@: mighty, glowing
A: (nimble swimmer 2), mertail
a: Renounce Religion


You were on level 7 of the Dungeon.
You worshipped the Shining One.
The Shining One was noncommittal.
You visited 2 branches of the dungeon, and saw 8 of its levels.
You also visited: Sewer.

You collected 388 gold pieces.

Inventory:

Hand Weapons
 a - a +0 heavy trident
 b - a +4 spear
 n - the +7 quarterstaff of the Ship (weapon) {heavy, rElec}
   (You found it on level 3 of the Dungeon)

   rElec:     It insulates you from electricity.
 o - the +1 spear of Defiance {speed, *Corrode rF+ Dex+4 SInv}
   (You found it on level 2 of the Dungeon)

   Dex:       It affects your dexterity (+4).
   rF:        It protects you from fire.
   SInv:      It lets you see invisible.
   *Corrode:  It may corrode you when you take damage.
 v - the +8 quarterstaff "Pihiak" {flame, Int+2}
   (You found it on level 4 of the Dungeon)

   Int:       It affects your intelligence (+2).
Missiles
 d - 3 boomerangs of dispersal
 x - 2 throwing nets
 G - 2 javelins (quivered)
Armour
 c - a +0 buckler
 e - a +0 ring mail (worn)
 r - a +1 cloak (worn)
Jewellery
 i - a ring of willpower (left hand)
 p - a ring of protection from cold (right hand)
 D - an amulet of reflection (around neck)
Wands
 h - a wand of digging (4)
Scrolls
 f - a scroll of amnesia
 j - 2 scrolls of enchant armour
 k - 4 scrolls of teleportation
 s - a scroll of magic mapping
Potions
 m - 2 potions of magic
 q - a potion of flight
 t - a potion of attraction
 u - 2 potions of lignification
 z - a potion of cancellation
 A - a potion of invisibility {unknown}
 C - a potion of haste
 I - 3 potions of brilliance {unknown}
Miscellaneous
 B - a piece from Xom's chessboard (15/15)


   Skills:
 * Level 9.3 Fighting
 * Level 10.6 Polearms
 - Level 2.1 Armour
 * Level 10.2 Dodging
 - Level 3.0 Shields


You had 9 spell levels left.
You didn't know any spells.
Your spell library contained the following spells:

 Spells                   Type           Power      Damage    Failure   Level
 Magic Dart               Conj           0%         1d3       56%         1
 Shock                    Conj/Air       0%         1d3       56%         1
 Call Imp                 Summ           0%         N/A       71%         2
 Lesser Beckoning         Tloc           0%         N/A       71%         2
 Gell's Gravitas          Tloc           0%         N/A       90%         3
 Mephitic Cloud           Conj/Pois/Air  0%         N/A       90%         3
 Swiftness                Air            0%         N/A       90%         3
 Teleport Other           Tloc           0%         N/A       90%         3
 Airstrike                Air            0%         2d(0-16)  100%        4


Dungeon Overview and Level Annotations

Branches:
Dungeon (7/15)             Temple (1/1) D:4           Sewer (visited)

Altars:
Ashenzari
Cheibriados
Dithmenos
Elyvilon
Fedhas
Gozag
Hepliaklqana
Kikubaaqudgha
Makhleb
Nemelex Xobeh
Okawaru
Qazlal
Ru
Sif Muna
Trog
Uskayaw
Vehumet
Wu Jian
Xom
Yredelemnul
Zin
The Shining One


Innate Abilities, Weirdness & Mutations

((You are very nimble when in or above water. (Stealth+, EV+, Speed+++)))
Your lower body shifts to a powerful aquatic tail in water.


Message History

You barely miss the brown ugly thing.
The brown ugly thing is heavily wounded.
You block the brown ugly thing's attack.
The brown ugly thing closely misses you.
You bludgeon the brown ugly thing!!
The brown ugly thing is severely wounded.
You block the brown ugly thing's attack.
You hit the brown ugly thing.
The brown ugly thing is almost dead.
The brown ugly thing headbutts you but does no damage.
The brown ugly thing headbutts you.
You are splashed with acid.
You hit the brown ugly thing.
The brown ugly thing is almost dead.
The brown ugly thing misses you.
Hit: n) +7 quarterstaff of the Ship {heavy, rElec}
Press: ? - help, Dir - move target, f - brown ugly thing
Aim: a brown ugly thing (almost dead, about 29% to evade the +7 quarterstaff of the Ship)
You thump the brown ugly thing!
You kill the brown ugly thing!
The two-headed ogre misses you. You block the two-headed ogre's attack.
Your Dodging skill increases to level 10!
You have reached level 10!
You feel clever.
Okay, then.
You feel very mighty all of a sudden.
The two-headed ogre hits you with a +0 giant club!!
* * * LOW HITPOINT WARNING * * *
The two-headed ogre hits you with a +0 giant club!
* * * LOW HITPOINT WARNING * * *
You feel much better.
Okay, then.
You are too injured to fight recklessly!
Throw: 3 javelins
Press: ? - help, Q - select action, (/) - cycle Shift-Dir - straight line, f - orc wizard
Aim: an orc wizard, wielding a +0 dagger and wearing a +0 robe (55% to hit)
You throw a javelin.
The javelin hits the two-headed ogre and shatters for extra damage.
The two-headed ogre is lightly wounded.
The two-headed ogre hits you with a +0 giant club!!
You die...

##O###...........###.
#...##...........##..
#.#..######.####.##.#
#. #...o# #.# #.##.#
#.# #.##O# ##.#
#.##.# #.# #.##W#
#..# #.##.# #.#
#.##o# #.#####)##.#
#.###.##O#
#.....#.##.#
+.#...##@#
#.###<#.##.#
#...####.#####.#
#.#.##.# #...#
#.##....###......#
#..##
#.##.##.......#..#
#.##
#.........##.##..#
###+#####.#
####.##...##.##..#
..........#
#......##.##..#
########u##
#..##.........# # #.#
#............##


You could see 2 two-headed ogres, a wraith, an orc wizard and an orc.

Vanquished Creatures
  An ugly thing (D:7)
  Sigmund (D:3)
  A wyvern (D:7)
  Menkaure (D:4)
  Edmund (D:4)
  A water moccasin (D:5)
  Pargi (Sewer)
  3 ice beasts
  A black bear (D:4)
  4 ogres
  2 phantoms
  2 kobold brigands (D:6)
  2 bullfrogs
  3 scorpions
  A killer bee (D:7)
  A howler monkey (D:6)
  An orc priest (D:6)
  4 hounds
  Crazy Yiuf (D:2)
  A gnoll bouda (D:4)
  3 jellies
  2 sleepcaps
  4 iguanas
  2 orc wizards (D:6)
  12 gnolls
  7 adders
  A white imp (D:5)
  An ufetubus (D:4)
  15 orcs
  8 ball pythons
  4 endoplasms
  2 giant cockroaches
  3 goblins
  6 hobgoblins
  3 jackals (D:5)
  6 quokkas
  9 bats
  4 frilled lizards
  14 kobolds
  9 rats
148 creatures vanquished.

Notes
Turn   | Place    | Note
-------+----------+-------------------------------------------
     0 | D:1      | Graphine the Merfolk Fighter began the quest for the Orb.
     0 | D:1      | Reached XP level 1. HP: 18/18 MP: 1/1
   158 | D:1      | Reached skill level 1 in Dodging
   237 | D:1      | Reached XP level 2. HP: 24/24 MP: 2/2
   903 | D:2      | Reached XP level 3. HP: 30/30 MP: 3/3
   907 | D:2      | Identified the +1 spear of Defiance {speed, *Corrode rF+
                  | Dex+4 SInv}
  1004 | D:2      | Found an opulent altar of Gozag.
  1070 | D:2      | Found a runed translucent door.
  1071 | D:2      | Noticed Crazy Yiuf
  1084 | D:2      | Killed Crazy Yiuf
  1085 | D:2      | Reached XP level 4. HP: 12/37 MP: 4/4
  1842 | D:3      | Identified the +7 quarterstaff of the Ship {heavy, rElec}
  2003 | D:3      | Noticed Sigmund
  2036 | D:3      | Killed Sigmund
  2037 | D:3      | Reached skill level 5 in Fighting
  2037 | D:3      | Reached skill level 5 in Polearms
  2037 | D:3      | Reached XP level 5. HP: 35/44 MP: 5/5
  2037 | D:3      | Reached XP level 6. HP: 40/51 MP: 6/6
  2389 | D:4      | Noticed a black bear
  2392 | D:4      | Noticed Menkaure
  2402 | D:4      | Killed a black bear
  2426 | D:3      | HP: 2/51 [phantom (2)]
  2680 | D:3      | Reached skill level 5 in Dodging
  2680 | D:3      | Reached XP level 7. HP: 39/56 MP: 7/7
  3584 | D:4      | Killed Menkaure
  3689 | D:4      | Found a burning altar of Makhleb.
  3700 | D:4      | Identified the +8 quarterstaff "Pihiak" {flame, Int+2}
  3824 | D:4      | Noticed Edmund
  3825 | D:4      | Found a staircase to the Ecumenical Temple.
  3831 | D:4      | Killed Edmund
  3832 | D:4      | Reached XP level 8. HP: 14/64 MP: 8/8
  3847 | Temple   | Entered the Ecumenical Temple
  4633 | D:5      | Entered Level 5 of the Dungeon
  4691 | D:5      | Found a glowing drain.
  4702 | Sewer    | Entered a sewer
  4754 | Sewer    | Noticed Pargi
  4763 | Sewer    | Killed Pargi
  5544 | D:5      | Found a glowing golden altar of the Shining One.
  5787 | D:5      | Became a worshipper of the Shining One
  5819 | D:6      | Reached XP level 9. HP: 56/74 MP: 9/9
  5937 | D:6      | Found an ancient bone altar of Kikubaaqudgha.
  6037 | D:6      | Found a snail-covered altar of Cheibriados.
  6037 | D:6      | Found a hazy altar of Hepliaklqana.
  6933 | D:7      | Reached skill level 10 in Polearms
  7057 | D:7      | Noticed a two-headed ogre
  7057 | D:7      | Noticed a brown ugly thing
  7059 | D:7      | Noticed a two-headed ogre
  7264 | D:7      | HP: 2/76 [two-headed ogre/+0 giant club (11)]
  7541 | D:7      | Killed a brown ugly thing
  7542 | D:7      | Reached skill level 10 in Dodging
  7542 | D:7      | Reached XP level 10. HP: 46/83 MP: 10/10
  7544 | D:7      | Slain by a two-headed ogre

Illustrated notes

Levels and vault maps discovered:
D:1:      dpeg_arrival_central, layout_rooms, hangedman_decor_diamond_cutter,
          chequers_serial_rivers_small_b
D:2:      layout_loops_corners, basic_altar, uniq_crazy_yiuf_cottage
D:3:      layout_loops_ring, uniq_sigmund
D:4:      layout_cave_pools, makhleb_heckhound_becter,
          minmay_temple_entry_statues_fountains, kennysheep_generic_room_15,
          uniq_menkaure, uniq_edmund
D:5:      cheibrodos_quashed, layout_rooms, nicolae_tso_swordbearing_angel,
          portal_sewer_entry_d, roderic_nine_men_s_morris, minmay_misc_feat_iff,
          kennysheep_crisscross, nrook_mini_vaults
D:6:      layout_rooms, mainiacjoe_overflow_cross_hatched, jmf_multi_god_temple,
          minmay_misc_feat_rows
D:7:      minmay_the_grid_plus [minmay_the_grid_all_tris,
          minmay_the_grid_minigrid_large, minmay_the_grid_dragon_a,
          minmay_the_grid_box_x, minmay_the_grid_prize_big_room],
          layout_loops_ring
Temple:   minmay_temple_bridge_d

Skill      XL: |  1  2  3  4  5  6  7  8  9 |
---------------+----------------------------+-----
Polearms       | 3 5 6 7 8 10 | 10.6
Dodging        | 1 2 4 5 6 8 10 | 10.2
Fighting       | 4 5 6 7 9 |  9.3
Armour         | |  2.1
Shields        | |  3.0

Action                     |  1- 3 |  4- 6 |  7- 9 | 10-12 || total
---------------------------+-------+-------+-------+-------++-------
  Melee: Trident           |    60 |       |       |       ||    60
         Spear             |    11 |   149 |   110 |       ||   270
         Quarterstaff      |       |       |   195 |       ||   195
         Tailslap          |       |       |     1 |       ||     1
  Throw: Javelin           |       |       |    22 |     1 ||    23
         Throwing net      |       |       |     2 |       ||     2
    Use: Potion            |     1 |     4 |     1 |     2 ||     8
         Scroll            |       |    14 |     8 |       ||    22
 Armour: Ring mail         |    24 |    43 |    98 |       ||   165
  Dodge: Dodged            |    29 |    62 |   224 |       ||   315
  Block: Buckler           |    14 |    26 |    18 |       ||    58
         Other             |       |       |    46 |       ||    46
         Reflection        |       |       |     3 |       ||     3
